GCL
ST. LOUIS (GCL) CARDINALS @ DETROIT (GCL) TIGERS
07/23/2099
 
TOP OF THE 1ST
St. Louis (GCL) Cardinals batting - Pitching for Detroit (GCL) Tigers : LHP Jim Unknown
Pitching: LHP Jim Unknown
Batting: RHB Steve Chance 0-0: Ball
1-0: Called Strike
1-1: Swinging Strike
1-2: SINGLE (Line Drive, 3D, EV 98.1 MPH)
Batting: RHB Kevin Pirro 0-0: Called Strike
0-1: Foul Ball, location: 25FF
0-2: Foul Ball, location: 23F
0-2: Reached on error, E4 (Groundball, 34, EV 96.9 MPH)
Steve Chance to second
Batting: LHB Mike Stone 0-0: Ball
1-0: Called Strike
1-1: Foul Ball, location: 2F
1-2: Ball
2-2: Fly out, F5 (Popup, 5SF, EV 85.0 MPH)
Batting: RHB Bill Yonker 0-0: Ball
1-0: Ball
2-0: Ball
3-0: Base on Balls
Steve Chance to third
Kevin Pirro to second
Batting: LHB Rob Corsi 0-0: Grounds into fielders choice U2 (Groundball, 13S, EV 69.4 MPH)
Kevin Pirro to third
Bill Yonker to second
Batting: RHB Ben Mountford 0-0: Foul Ball, location: 2F
0-1: Ball
1-1: Ball
2-1: Foul Ball, location: 7LSF
2-2: Foul Ball, location: 2F
2-2: Fielders Choice at 2nd, 6-4 (Groundball, 6, EV 81.9 MPH)
Top of the 1st over - 0 runs, 1 hit, 1 error, 3 left on base; St. Louis (GCL) 0 - Detroit (GCL) 0
BOTTOM OF THE 1ST
Detroit (GCL) Tigers batting - Pitching for St. Louis (GCL) Cardinals : RHP J.P. Lashley
Pitching: RHP J.P. Lashley
Batting: LHB Ray Godbolt 0-0: Ball
1-0: Ball
2-0: Swinging Strike
2-1: Ball
3-1: Swinging Strike
3-2: Base on Balls
Batting: RHB Gabriel Romero 0-0: Sac Bunt to 23 - play at first, batter OUT! 3-4
Ray Godbolt to second
Batting: RHB Chris Boley 0-0: Ball
1-0: Fly out, F8 (Flyball, 8RM, EV 94.4 MPH)
Batting: LHB Carlos Cortez 0-0: Ball
1-0: Swinging Strike
1-1: Fly out, F8 (Flyball, 8RS, EV 81.3 MPH)
Bottom of the 1st over - 0 runs, 0 hits, 0 errors, 1 left on base; St. Louis (GCL) 0 - Detroit (GCL) 0
TOP OF THE 2ND
St. Louis (GCL) Cardinals batting - Pitching for Detroit (GCL) Tigers : LHP Jim Unknown
Batting: SHB Manny Soto 0-0: Called Strike
0-1: Ball
1-1: Foul Ball, location: 9LMF
1-2: Ball
2-2: Ball
3-2: Base on Balls
Batting: SHB J.P. Lashley 0-0: Bunt missed!
0-1: Sac Bunt to 3S - play at first, batter OUT! 3-4
Manny Soto to second
Batting: RHB Alvaro Rodriguez 0-0: Called Strike
0-1: Fly out, F8 (Flyball, 8LM, EV 84.4 MPH)
Batting: RHB Steve Chance 0-0: Ball
1-0: Ground out 6-3 (Groundball, P, EV 87.5 MPH)
Top of the 2nd over - 0 runs, 0 hits, 0 errors, 1 left on base; St. Louis (GCL) 0 - Detroit (GCL) 0
BOTTOM OF THE 2ND
Detroit (GCL) Tigers batting - Pitching for St. Louis (GCL) Cardinals : RHP J.P. Lashley
Batting: SHB Alex Ruiz 0-0: Ball
1-0: Swinging Strike
1-1: SINGLE (Line Drive, 5D, EV 96.9 MPH)
Batting: LHB Rob Dassel 0-0: Ball
Alex Ruiz steals 2nd base
1-0: Swinging Strike
1-1: Sac Bunt to 23 - play at first, batter OUT! 3-4
Alex Ruiz to third
Batting: SHB Ryan Ensley 0-0: Ball
1-0: Ground out 6-3 (Groundball, 6MD, EV 90.0 MPH)
Alex Ruiz scores
Batting: RHB Ben Staff 0-0: Ball
1-0: Ground out 4-3 (Groundball, 4S, EV 95.0 MPH)
Bottom of the 2nd over - 1 run, 1 hit, 0 errors, 0 left on base; St. Louis (GCL) 0 - Detroit (GCL) 1
TOP OF THE 3RD
St. Louis (GCL) Cardinals batting - Pitching for Detroit (GCL) Tigers : LHP Jim Unknown
Batting: RHB Kevin Pirro 0-0: Called Strike
0-1: Ball
1-1: Foul Ball, location: 2F
1-2: Strikes out looking
Batting: LHB Mike Stone 0-0: Ball
1-0: Swinging Strike
1-1: Ball
2-1: Fly out, F7 (Flyball, 78XD, EV 104.4 MPH)
Batting: RHB Bill Yonker 0-0: Foul Ball, location: 2F
0-1: Ball
1-1: Ball
2-1: Ball
3-1: Base on Balls
Batting: LHB Rob Corsi 0-0: Ball
1-0: Called Strike
1-1: Fielders Choice at 2nd, 5-4 (Groundball, 56, EV 80.0 MPH)
Top of the 3rd over - 0 runs, 0 hits, 0 errors, 1 left on base; St. Louis (GCL) 0 - Detroit (GCL) 1
BOTTOM OF THE 3RD
Detroit (GCL) Tigers batting - Pitching for St. Louis (GCL) Cardinals : RHP J.P. Lashley
Batting: LHB David George 0-0: Called Strike
0-1: Ball
1-1: Ball
2-1: Swinging Strike
2-2: Ground out 5-3 (Groundball, 5, EV 106.9 MPH)
Batting: LHB Ray Godbolt 0-0: Ball
1-0: Fly out, F9 (Flyball, 89M, EV 90.0 MPH)
Batting: RHB Gabriel Romero 0-0: Called Strike
0-1: Swinging Strike
0-2: Ball
1-2: Foul Ball, location: 23F
1-2: Ball
2-2: Foul Ball, location: 2F
2-2: Fly out, F9 (Flyball, 9, EV 95.6 MPH)
Bottom of the 3rd over - 0 runs, 0 hits, 0 errors, 0 left on base; St. Louis (GCL) 0 - Detroit (GCL) 1
TOP OF THE 4TH
St. Louis (GCL) Cardinals batting - Pitching for Detroit (GCL) Tigers : LHP Jim Unknown
Batting: RHB Ben Mountford 0-0: Ball
1-0: Ball
2-0: Ground out 1-3 (Groundball, 34S, EV 65.6 MPH)
Batting: SHB Manny Soto 0-0: Fly out, F5 (Popup, 25F, EV 88.1 MPH)
Batting: SHB J.P. Lashley 0-0: Foul Ball, location: 2F
0-1: Reached on error, E5 (Groundball, 5, EV 92.5 MPH)
Batting: RHB Alvaro Rodriguez 0-0: SINGLE (Groundball, 6MD, EV 105.0 MPH)
J.P. Lashley to second
Batting: RHB Steve Chance 0-0: DOUBLE (Line Drive, 7LD, EV 104.4 MPH)
J.P. Lashley scores
Alvaro Rodriguez to third
Runner from 3rd tries for Home, SAFE, throw by LF to home
Batting: RHB Kevin Pirro 0-0: Swinging Strike
0-1: Ball
1-1: Swinging Strike
1-2: Strikes out looking
Top of the 4th over - 2 runs, 2 hits, 1 error, 1 left on base; St. Louis (GCL) 2 - Detroit (GCL) 1
BOTTOM OF THE 4TH
Detroit (GCL) Tigers batting - Pitching for St. Louis (GCL) Cardinals : RHP J.P. Lashley
Batting: RHB Chris Boley 0-0: Fly out, F3 (Popup, 3SF, EV 80.0 MPH)
Batting: LHB Carlos Cortez 0-0: Called Strike
0-1: Ball
1-1: Ball
2-1: Called Strike
2-2: Fly out, F8 (Line Drive, 8RD, EV 104.4 MPH)
Batting: SHB Alex Ruiz 0-0: Ball
1-0: Called Strike
1-1: SINGLE (Line Drive, 4MD, EV 105.6 MPH)
Batting: LHB Rob Dassel 0-0: Fly out, F8 (Flyball, 8LM, EV 96.3 MPH)
Bottom of the 4th over - 0 runs, 1 hit, 0 errors, 1 left on base; St. Louis (GCL) 2 - Detroit (GCL) 1
TOP OF THE 5TH
St. Louis (GCL) Cardinals batting - Pitching for Detroit (GCL) Tigers : LHP Jim Unknown
Batting: LHB Mike Stone 0-0: Ball
1-0: Called Strike
1-1: Foul Ball, location: 2F
1-2: Foul Ball, location: 7LDF
1-2: Ball
2-2: Foul Ball, location: 5F
2-2: SINGLE (Groundball, 4MD, EV 102.5 MPH)
Batting: RHB Bill Yonker 0-0: Called Strike
0-1: Ball
1-1: Swinging Strike
1-2: Foul Ball, location: 2F
1-2: Ball
2-2: Strikes out swinging
Batting: LHB Rob Corsi 0-0: Called Strike
0-1: Called Strike
0-2: Fly out, F8 (Line Drive, 78D, EV 87.5 MPH)
Pitching: RHP Jim Unknown
Batting: RHB Ben Mountford 0-0: Ground out 1-3 (Groundball, 34S, EV 66.9 MPH)
Top of the 5th over - 0 runs, 1 hit, 0 errors, 1 left on base; St. Louis (GCL) 2 - Detroit (GCL) 1
BOTTOM OF THE 5TH
Detroit (GCL) Tigers batting - Pitching for St. Louis (GCL) Cardinals : RHP J.P. Lashley
Batting: SHB Ryan Ensley 0-0: Foul Ball, location: 2F
0-1: SINGLE (Groundball, 4MD, EV 106.9 MPH) (infield hit)
Batting: RHB Ben Staff 0-0: Ball
1-0: Ball
2-0: Called Strike
2-1: Ball
3-1: Ball
Ryan Ensley to second
Batting: LHB David George 0-0: Ball
1-0: Called Strike
1-1: Fly out, F9 (Flyball, 9, EV 83.1 MPH)
Batting: LHB Ray Godbolt 0-0: Ball
1-0: Ball
2-0: Called Strike
2-1: SINGLE (Line Drive, 4D, EV 100.0 MPH)
Ryan Ensley to third
Ben Staff to second
Runner from 3rd tries for Home, SAFE, throw by CF to home
Batting: RHB Gabriel Romero 0-0: Ball
1-0: Called Strike
1-1: Called Strike
1-2: Foul Ball, location: 9LDF
1-2: Strikes out swinging
Batting: RHB Chris Boley 0-0: Ball
1-0: Ball
2-0: Called Strike
2-1: Fly out, F7 (Flyball, 7D, EV 94.4 MPH)
Bottom of the 5th over - 1 run, 2 hits, 0 errors, 2 left on base; St. Louis (GCL) 2 - Detroit (GCL) 2
TOP OF THE 6TH
St. Louis (GCL) Cardinals batting - Pitching for Detroit (GCL) Tigers : RHP Jim Unknown
Pinch Hitting: RHB Carl Fure 0-0: Ball
1-0: Reached on error, E5 (Groundball, 5, EV 83.8 MPH)
Batting: SHB J.P. Lashley 0-0: Ball
1-0: Ball
2-0: Ball
Carl Fure steals 2nd base
3-0: Called Strike
3-1: Foul Ball, location: 23F
3-2: Foul Ball, location: 9LMF
3-2: Ground out 6-3 (Groundball, 56, EV 99.4 MPH)
Batting: RHB Alvaro Rodriguez 0-0: Called Strike
0-1: Ball
1-1: SINGLE (Line Drive, 56D, EV 98.1 MPH)
Carl Fure to third
Runner from 3rd tries for Home, SAFE, throw by LF to home
Batting: RHB Steve Chance 0-0: Ball
1-0: Ball
2-0: Foul Ball, location: 7LMF
2-1: Swinging Strike
2-2: Ball
3-2: Strikes out looking
Batting: RHB Kevin Pirro 0-0: SINGLE (Line Drive, 34D, EV 94.4 MPH)
Alvaro Rodriguez to second
Runner from 2nd tries for 3rd, SAFE, throw by RF made to third
Batting: LHB Mike Stone 0-0: Foul Ball, location: 7LDF
0-1: Fly out, F7 (Flyball, 78M, EV 75.0 MPH)
Top of the 6th over - 1 run, 2 hits, 1 error, 2 left on base; St. Louis (GCL) 3 - Detroit (GCL) 2
BOTTOM OF THE 6TH
Detroit (GCL) Tigers batting - Pitching for St. Louis (GCL) Cardinals : RHP J.P. Lashley
Now at 1B: Jim Snyder
Batting: LHB Carlos Cortez 0-0: Foul Ball, location: 25F
0-1: Ball
1-1: Ball
2-1: DOUBLE (Flyball, 8RXD, EV 110.0 MPH)
Pitching: RHP Jim Unknown
Batting: SHB Alex Ruiz 0-0: Foul Ball, location: 2F
0-1: Ground out 4-3 (Groundball, 4D, EV 96.3 MPH)
Carlos Cortez to third
Pinch Hitting: RHB Josh Bass 0-0: Ball
1-0: Ball
2-0: Foul Ball, location: 5FF
2-1: Swinging Strike
2-2: Ball
3-2: Ground out 6-3 (Groundball, 6, EV 105.6 MPH)
Batting: SHB Ryan Ensley 0-0: Ball
1-0: Called Strike
1-1: Ball
2-1: Ground out 6-3 (Groundball, 6D, EV 96.9 MPH)
Bottom of the 6th over - 0 runs, 1 hit, 0 errors, 1 left on base; St. Louis (GCL) 3 - Detroit (GCL) 2
TOP OF THE 7TH
St. Louis (GCL) Cardinals batting - Pitching for Detroit (GCL) Tigers : RHP Jim Unknown
Now in CF: Angel Pena
Batting: RHB Bill Yonker 0-0: Called Strike
0-1: Ball
1-1: Ball
2-1: Foul Ball, location: 3DF
2-2: Foul Ball, location: 9LMF
2-2: Foul Ball, location: 3FF
2-2: SINGLE (Groundball, 6MD, EV 95.0 MPH)
Batting: LHB Rob Corsi 0-0: Reached on error, E4 (Groundball, 4, EV 80.6 MPH)
Bill Yonker to second
Batting: RHB Ben Mountford 0-0: Ball
1-0: Bunt missed!
1-1: Ball
2-1: Sac Bunt to 3S - play at first, batter OUT! 3-4
Bill Yonker to third
Rob Corsi to second
Batting: RHB Jim Snyder 0-0: Intentional Walk
Batting: SHB J.P. Lashley 0-0: Ball
1-0: Foul Ball, location: 25F
1-1: Foul Ball, location: 7LDF
1-2: SINGLE (Line Drive, 6D, EV 95.0 MPH)
Bill Yonker scores
Rob Corsi to third
Jim Snyder to second
Runner from 3rd tries for Home, SAFE, throw by LF to home
Pitching: LHP Jim Unknown
Batting: RHB Alvaro Rodriguez 0-0: Ball
1-0: Foul Ball, location: 2F
1-1: Ball
2-1: Foul Ball, location: 23F
2-2: Ball
3-2: Foul Ball, location: 3F
3-2: Base on Balls
Jim Snyder to third
J.P. Lashley to second
Batting: RHB Steve Chance 0-0: SINGLE (Groundball, 56, EV 93.1 MPH)
Jim Snyder scores
J.P. Lashley to third
Alvaro Rodriguez to second
Batting: RHB Kevin Pirro 0-0: Fly out, F8 (Flyball, 8LD, EV 100.6 MPH)
Runner from 3rd tags up, SCORES, throw by CF
Alvaro Rodriguez to third
Batting: LHB Mike Stone 0-0: Ball
1-0: Called Strike
1-1: Ball
2-1: Foul Ball, location: 7LMF
2-2: Ball
3-2: SINGLE (Line Drive, 34D, EV 105.6 MPH)
Alvaro Rodriguez scores
Steve Chance to second
Steve Chance to third
Batting: RHB Bill Yonker 0-0: Single, Error in OF, E8, batter to second base (Line Drive, 4M, EV 97.5 MPH)
Steve Chance scores
Mike Stone to third
Pinch Hitting: RHB Bobby Howard 0-0: Ball
1-0: Foul Ball, location: 2F
1-1: Ball
2-1: Called Strike
2-2: Strikes out swinging
Top of the 7th over - 6 runs, 5 hits, 2 errors, 2 left on base; St. Louis (GCL) 9 - Detroit (GCL) 2
BOTTOM OF THE 7TH
Detroit (GCL) Tigers batting - Pitching for St. Louis (GCL) Cardinals : RHP Jim Unknown
Now at 2B: Chris McInturff
Pinch Hitting: SHB Jim Unknown 0-0: Ball
1-0: Foul Ball, location: 9LMF
1-1: Ball
2-1: Ball
3-1: Base on Balls
Batting: LHB David George 0-0: DOUBLE (Flyball, 7LD, EV 109.4 MPH)
Jim Unknown to third
Batting: LHB Ray Godbolt 0-0: Fly out, F7 (Flyball, 7, EV 88.1 MPH)
Pinch Hitting: RHB Monty Eggert 0-0: Fly out, F7 (Flyball, 7LM, EV 81.3 MPH)
Runner from 3rd tags up, SCORES, throw by LF
David George to third
Batting: RHB Chris Boley 0-0: Ball
1-0: Ball
2-0: Ball
3-0: Base on Balls
Batting: LHB Carlos Cortez 0-0: Ball
1-0: Foul Ball, location: 9LDF
1-1: Swinging Strike
1-2: Strikes out swinging
Bottom of the 7th over - 1 run, 1 hit, 0 errors, 2 left on base; St. Louis (GCL) 9 - Detroit (GCL) 3
TOP OF THE 8TH
St. Louis (GCL) Cardinals batting - Pitching for Detroit (GCL) Tigers : LHP Jim Unknown
Now at SS: Jim Unknown
Now in LF: Monty Eggert
Batting: RHB Ben Mountford 0-0: Called Strike
0-1: Ball
1-1: Ball
2-1: Ball
3-1: Foul Ball, location: 2F
3-2: Foul Ball, location: 9LDF
3-2: Reached on error, E5 (Groundball, 5, EV 78.8 MPH)
Batting: RHB Jim Snyder 0-0: Called Strike
0-1: Foul Ball, location: 2F
0-2: Strikes out swinging
Batting: SHB J.P. Lashley 0-0: Called Strike
0-1: Swinging Strike
0-2: Ball
1-2: Foul Ball, location: 9LMF
1-2: Foul Ball, location: 2F
1-2: Ball
2-2: Strikes out swinging
Batting: RHB Alvaro Rodriguez 0-0: Foul Ball, location: 2F
0-1: Called Strike
0-2: Ball
1-2: DOUBLE (Line Drive, 9LS, EV 105.0 MPH)
Ben Mountford to third
Runner from 3rd tries for Home, SAFE, no throw by RF
Pitching: LHP Jim Unknown
Pinch Hitting: RHB Alex Banuelos 0-0: Called Strike
0-1: Ball
1-1: SINGLE (Line Drive, 6M, EV 98.8 MPH)
Alvaro Rodriguez to third
Batting: RHB Kevin Pirro 0-0: Ground out 5-3 (Groundball, 56S, EV 88.8 MPH)
Top of the 8th over - 1 run, 2 hits, 1 error, 2 left on base; St. Louis (GCL) 10 - Detroit (GCL) 3
BOTTOM OF THE 8TH
Detroit (GCL) Tigers batting - Pitching for St. Louis (GCL) Cardinals : RHP Jim Unknown
Now in CF: Alex Banuelos
Batting: SHB Alex Ruiz 0-0: Called Strike
0-1: Ball
1-1: Ball
2-1: SINGLE (Line Drive, 7S, EV 96.9 MPH)
Batting: LHB Angel Pena 0-0: Foul Ball, location: 3F
0-1: Foul Ball, location: 23F
0-2: Ball
1-2: Ball
2-2: Strikes out swinging
Batting: SHB Ryan Ensley 0-0: Ball
1-0: Fielders Choice at 2nd, 1-6 (Groundball, 13, EV 75.6 MPH)
Batting: SHB Jim Unknown 0-0: Ball
1-0: 2-RUN HOME RUN (Flyball, 9D, EV 96.3 MPH), Distance : 367 ft
Pitching: RHP Jim Unknown
Batting: LHB David George 0-0: Swinging Strike
0-1: Foul Ball, location: 2F
0-2: Strikes out swinging
Bottom of the 8th over - 2 runs, 2 hits, 0 errors, 0 left on base; St. Louis (GCL) 10 - Detroit (GCL) 5
TOP OF THE 9TH
St. Louis (GCL) Cardinals batting - Pitching for Detroit (GCL) Tigers : LHP Jim Unknown
Pinch Hitting: RHB Jeff Hoffman 0-0: Ball
1-0: Called Strike
1-1: Called Strike
1-2: Ball
2-2: Fly out, F7 (Flyball, 7S, EV 83.1 MPH)
Batting: RHB Bill Yonker 0-0: Swinging Strike
0-1: Swinging Strike
0-2: Strikes out swinging
Pinch Hitting: LHB David Fogarty 0-0: Called Strike
0-1: Foul Ball, location: 3F
0-2: SINGLE (Groundball, 56D, EV 108.1 MPH)
Pinch Hitting: RHB Oscar Ramirez 0-0: Ball
1-0: Fly out, F3 (Popup, 3SF, EV 79.4 MPH)
Top of the 9th over - 0 runs, 1 hit, 0 errors, 1 left on base; St. Louis (GCL) 10 - Detroit (GCL) 5
BOTTOM OF THE 9TH
Detroit (GCL) Tigers batting - Pitching for St. Louis (GCL) Cardinals : RHP Jim Unknown
Now at 2B: Dave Herman
Now at SS: Clay Russo
Now in RF: Mike Flory
Batting: RHB Chris Bates 0-0: Ball
1-0: Foul Ball, location: 9LMF
1-1: Ball
2-1: Ball
3-1: Foul Ball, location: 2F
3-2: Ground out 6-3 (Groundball, 6S, EV 66.9 MPH)
Batting: RHB Monty Eggert 0-0: Called Strike
0-1: Ball
1-1: Ball
2-1: Ball
3-1: Called Strike
3-2: Foul Ball, location: 5SF
3-2: Ground out 6-3 (Groundball, 6, EV 96.3 MPH)
Batting: RHB Chris Boley 0-0: Called Strike
0-1: Fly out, F3 (Popup, 3D, EV 51.3 MPH)
Bottom of the 9th over - 0 runs, 0 hits, 0 errors, 0 left on base; St. Louis (GCL) 10 - Detroit (GCL) 5
Sunday, May 12th , 2024 - OOTP Baseball 24.11 Build 85